 Seeded DCSS version 0.29-a0-43-g62a80824bf (webtiles) character file.

Game seed: 16603882162921618398 (custom seed)

8877 riojii the Fighter (level 11, 0/96 HPs)
             Began as a Formicid Fighter on Feb 2, 2022.
             Was a Believer of Ashenzari.
             Slain by a 13-headed hydra (4 damage)
             ... on level 10 of the Dungeon.
             The game lasted 00:16:31 (7502 turns).

riojii the Fighter (Formicid Fighter)               Turns: 7502, Time: 00:16:33

Health: 0/96       AC: 21    Str: 25    XL:     11   Next: 64%
Magic:  11/11      EV:  6    Int: 10    God:    Ashenzari [**....]
Gold:   1669       SH: 19    Dex: 14    Spells: 10/10 levels left

rFire   + . .      SeeInvis +   E - +2 battleaxe
rCold   . . .      Faith    .   f - +2 tower shield "Circumscribed Failure" {Will+ Regen+ Str+3 Int+3, Cun, Fort} (curse)
rNeg    . . .      Spirit   .   b - +0 plate armour
rPois   +          Reflect  .   (helmet unavailable)
rElec   .          Harm     .   d - +0 cloak
rCorr   .          Rampage  .   G - +1 pair of gloves of the Fated Omission {Fort, Melee} (curse)
Will    ++...                   c - +1 pair of boots of the Sibylline Stars {Fly, Melee, Self} (curse)
Stlth   ..........              h - amulet of regeneration
HPRegen 1.86/turn               p - ring of protection from fire
MPRegen 0.12/turn               C - ring of poison resistance

@: flying, studying Translocations
A: permanent stasis, dig shafts and tunnels, antennae 3, four strong arms
a: Dig, Shaft Self, Renounce Religion, Shatter the Chains


You were on level 10 of the Dungeon.
You worshipped Ashenzari.
Ashenzari was pleased with you.
You visited 3 branches of the dungeon, and saw 12 of its levels.

You collected 1669 gold pieces.

Inventory:

Hand Weapons
 E - a +2 battleaxe (weapon)
Armour
 b - a +0 plate armour (worn)
 c - the cursed +1 pair of boots of the Sibylline Stars (worn) {Fly, Melee, Self}
   (You acquired it on level 1 of the Lair of Beasts)

   It has a curse which improves the following skills: Melee Combat: Short
   Blades, Long Blades, Axes, Maces & Flails, Polearms, Staves and Unarmed
   Combat.
   Introspection: Fighting and Spellcasting.
 d - a +0 cloak (worn)
 f - the cursed +2 tower shield "Circumscribed Failure" (worn) {Will+ Regen+ Str+3 Int+3, Cun, Fort}
   (You acquired it on level 1 of the Dungeon)

   Str:       It affects your strength (+3).
   Int:       It affects your intelligence (+3).
   Regen:     It increases your rate of health regeneration.
   Will:      It increases your willpower.
   It has a curse which improves the following skills: Cunning: Dodging and
   Stealth.
   Fortitude: Armour and Shields.
 G - the cursed +1 pair of gloves of the Fated Omission (worn) {Fort, Melee}
   (You found it on level 8 of the Dungeon)

   It has a curse which improves the following skills: Fortitude: Armour and
   Shields.
   Melee Combat: Short Blades, Long Blades, Axes, Maces & Flails, Polearms,
   Staves and Unarmed Combat.
Jewellery
 h - an amulet of regeneration (around neck)
 p - a ring of protection from fire (left hand)
 v - a ring of magical power
 z - a ring of magical power
 C - a ring of poison resistance (right hand)
 H - a ring of wizardry
Wands
 a - a wand of iceblast (3)
 r - a wand of polymorph (12)
 D - a wand of flame (21)
 I - a wand of charming (6)
Scrolls
 m - a scroll of silence
 s - a scroll of fog
Potions
 e - 5 potions of lignification
 n - 2 potions of brilliance
 o - 2 potions of flight
 q - 5 potions of curing
 u - a potion of cancellation
 x - 3 potions of mutation
 F - a potion of attraction


   Skills:
 * Level 11.5(12.7) Fighting
 * Level 10.3(12.2) Axes
 + Level 8.4(10.4) Armour
 - Level 1.3(2.2) Dodging
 + Level 9.2(11.1) Shields


You had 10 spell levels left.
You didn't know any spells.
Your spell library contained the following spells:

 Spells                   Type           Power      Damage    Failure   Level
 Foxfire                  Conj/Fire      0%         2x1d4     100%        1
 Call Canine Familiar     Summ           0%         N/A       100%        3
 Conjure Flame            Conj/Fire      0%         6-21      100%        3
 Inner Flame              Hex/Fire       0%         N/A       100%        3
 Portal Projectile        Hex/Tloc       0%         N/A       100%        3
 Flame Wave               Conj/Fire      0%         2d4       100%        4
 Hailstorm                Conj/Ice       0%         3d3       100%        4
 Ice Form                 Ice/Tmut       0%         N/A       100%        4
 Leda's Liquefaction      Hex/Erth       0%         N/A       100%        4
 Petrify                  Tmut/Erth      0%         N/A       100%        4
 Metabolic Englaciation   Hex/Ice        0%         N/A       100%        5
 Simulacrum               Ice/Necr       0%         N/A       100%        6
 Statue Form              Tmut/Erth      0%         N/A       100%        6


Dungeon Overview and Level Annotations

Branches:
Dungeon (10/15)            Temple (1/1) D:4            Lair (1/6) D:10
    Orc: D:9-12

Altars:
Ashenzari
Cheibriados
Dithmenos
Elyvilon
Fedhas
Gozag
Hepliaklqana
Kikubaaqudgha
Makhleb
Nemelex Xobeh
Okawaru
Qazlal
Ru
Sif Muna
Trog
Uskayaw
Vehumet
Wu Jian
Xom
Yredelemnul
Zin
The Shining One


Innate Abilities, Weirdness & Mutations

You cannot be hasted, slowed, berserked, paralysed or teleported.
You can dig through walls and to a lower floor.
You have a pair of large antennae on your head. (SInv)
Your four strong arms can wield two-handed weapons with a shield.


Message History

The 11-headed hydra bites you.
* * * LOW HITPOINT WARNING * * *
The 11-headed hydra closely misses you.
You barely miss the 11-headed hydra.
The 11-headed hydra is lightly wounded.
You block the 11-headed hydra's attack.
The 11-headed hydra bites you but does no damage.
The 11-headed hydra barely misses you.
The 11-headed hydra bites you but does no damage.
You block the 11-headed hydra's attack. x2
The 11-headed hydra bites you but does no damage.
You block the 11-headed hydra's attack. The 11-headed hydra bites you.
* * * LOW HITPOINT WARNING * * *
The 11-headed hydra bites you but does no damage.
The 11-headed hydra bites you.
* * * LOW HITPOINT WARNING * * *
You hack one of the 11-headed hydra's heads off!
The ten-headed hydra grows two more!
You slash the 12-headed hydra!
The 12-headed hydra is moderately wounded.
The 12-headed hydra bites you but does no damage.
You block the 12-headed hydra's attack.
The 12-headed hydra bites you but does no damage. x2
You block the 12-headed hydra's attack.
The 12-headed hydra bites you but does no damage. x3
You block the 12-headed hydra's attack.
The 12-headed hydra bites you but does no damage. x3
You slice one of the 12-headed hydra's heads off!
The 11-headed hydra grows two more!
You slash the 13-headed hydra!
The 13-headed hydra is moderately wounded.
The 13-headed hydra bites you but does no damage.
You block the 13-headed hydra's attack. The 13-headed hydra bites you!
* * * LOW HITPOINT WARNING * * *
The 13-headed hydra bites you but does no damage. x2
You block the 13-headed hydra's attack. The 13-headed hydra barely misses you.
You block the 13-headed hydra's attack.
The 13-headed hydra bites you but does no damage.
You block the 13-headed hydra's attack. The 13-headed hydra barely misses you.
The 13-headed hydra bites you but does no damage. x2
The 13-headed hydra bites you.
You die...

#.## ####.###.####### #.. #..####
##.##..###.##..(#### #..
##.†..###.........##..####.# #..
#####.##.(...........# #.## #..
######...........†.#.###.# #..
###..........#...###....#'.# ##.
#........#####...# ###...### #.
....###.#..# ##D## #.#..# ####.
#.####..#### ##@# #...## #....
########## ####################
###......#####...............#...
..#................###.......'...
..#................# #####...#...
..#..####'######...# #_..####
..#..#.........#...# #.......
††#..#.........#...# #.......
'##..#.........#..## #.......


You could see a 13-headed hydra.

Vanquished Creatures
  A two-headed ogre (D:10)
  A centaur zombie (D:10)
  A gargoyle (D:8)
  An unseen horror (D:10)
  3 komodo dragons (D:10)
  A shadow (D:10)
  Sigmund (D:6)
  A wraith (D:6)
  2 wyverns (D:9)
  2 basilisks (D:10)
  11 yaks
  An acid dragon (D:8)
  3 water moccasins
  4 orc warriors
  A swamp drake (D:10)
  4 black bears
  2 ice beasts (D:6)
  2 ogres
  2 centaurs
  A phantom (D:5)
  2 necrophages
  A kobold brigand (D:6)
  3 bullfrogs
  2 scorpions
  A wyvern zombie (D:8)
  A water moccasin zombie (D:7)
  6 killer bees (D:10)
  2 howler monkeys
  6 hounds
  A gnoll shaman (D:7)
  4 orc priests
  4 jellies
  3 centaur skeletons
  Terence (D:3)
  4 iguanas
  5 orc wizards
  A hound skeleton (D:5)
  13 gnolls
  7 adders
  A shadow imp (D:7)
  2 white imps (D:5)
  2 worms
  22 orcs
  8 ball pythons
  4 endoplasms
  4 giant cockroaches
  3 goblins
  9 hobgoblins
  3 jackals (D:3)
  3 quokkas
  A bat (D:1)
  2 frilled lizards
  8 kobolds
  7 rats
191 creatures vanquished.

Vanquished Creatures (others)
  An orc wizard (D:7)
1 creature vanquished.

Grand Total: 192 creatures vanquished

Notes
Turn   | Place    | Note
-------+----------+-------------------------------------------
     0 | D:1      | riojii the Formicid Fighter began the quest for the Orb.
     0 | D:1      | Reached XP level 1. HP: 18/18 MP: 1/1
   173 | D:1      | Reached XP level 2. HP: 23/24 MP: 2/2
   205 | D:1      | Identified 3 scrolls of acquirement
   205 | D:1      | Acquired 918 gold pieces
   207 | D:1      | Acquired a manual of Translocations
   209 | D:1      | Acquired the +2 tower shield of the Goldsmith {Will+ Regen+
                  | Str+3 Int+3}
   471 | D:1      | Found a faded altar of an unknown god.
   498 | D:1      | Reached XP level 3. HP: 28/30 MP: 3/3
   796 | D:2      | Reached XP level 4. HP: 37/37 MP: 4/4
  1058 | D:3      | Reached skill level 4 in Fighting
  1238 | D:3      | Reached skill level 1 in Dodging
  1249 | D:3      | Reached XP level 5. HP: 23/42 MP: 5/5
  1440 | D:3      | Noticed Terence
  1450 | D:3      | Killed Terence
  1885 | D:4      | Reached XP level 6. HP: 39/49 MP: 6/6
  2056 | D:4      | Noticed a black bear
  2075 | D:4      | Killed a black bear
  2076 | D:4      | Reached skill level 5 in Fighting
  2119 | D:4      | Found a staircase to the Ecumenical Temple.
  2506 | Temple   | Entered the Ecumenical Temple
  2654 | Temple   | Became a worshipper of Ashenzari the Shackled
  2685 | D:5      | Entered Level 5 of the Dungeon
  2776 | D:5      | Reached XP level 7. HP: 53/56 MP: 7/7
  2855 | D:5      | Reached skill level 5 in Shields
  2919 | D:5      | Reached skill level 6 in Fighting
  2919 | D:5      | Reached skill level 5 in Axes
  2943 | D:5      | Reached XP level 8. HP: 64/64 MP: 8/8
  3247 | D:6      | Reached skill level 5 in Armour
  3259 | D:6      | Noticed a wraith
  3264 | D:6      | Killed a wraith
  3369 | D:6      | Reached skill level 7 in Fighting
  3461 | D:6      | Noticed Sigmund
  3472 | D:6      | Killed Sigmund
  3473 | D:6      | Reached XP level 9. HP: 72/72 MP: 9/9
  3747 | D:6      | Found an ancient bone altar of Kikubaaqudgha.
  3767 | D:6      | Reached skill level 8 in Fighting
  4186 | D:7      | Found a shadowy altar of Dithmenos.
  4189 | D:7      | Found a hazy altar of Hepliaklqana.
  4192 | D:7      | Found a shimmering altar of Xom.
  5051 | D:8      | Reached XP level 10. HP: 51/82 MP: 10/10
  5052 | D:8      | Reached skill level 9 in Fighting
  5181 | D:8      | Found a sand-covered staircase.
  5188 | D:8      | Identified the +9 fustibalus "Galixe" {vorpal, rF+ Str+4
                  | Int+3 SInv}
  5265 | D:8      | Noticed a gargoyle
  5296 | D:8      | Killed a gargoyle
  5793 | D:9      | Found a stormy altar of Qazlal.
  5811 | D:9      | Found a bloodstained altar of Trog.
  5935 | D:9      | Reached skill level 10 in Fighting
  6469 | D:10     | Entered Level 10 of the Dungeon
  6530 | D:10     | Reached * piety under Ashenzari
  6572 | D:10     | Found an ornate altar of the Wu Jian Council.
  6574 | D:10     | Noticed an unseen horror
  6583 | D:10     | Reached XP level 11. HP: 92/92 MP: 11/11
  6869 | D:10     | Found a burning altar of Makhleb.
  6884 | D:10     | Noticed a two-headed ogre
  6894 | D:10     | Killed a two-headed ogre
  6941 | D:10     | Reached skill level 11 in Fighting
  6944 | D:10     | Reached skill level 10 in Axes
  7197 | D:10     | Found a staircase to the Lair.
  7331 | Lair:1   | Entered Level 1 of the Lair of Beasts
  7361 | Lair:1   | Acquired a +1 pair of boots of flying
  7373 | Lair:1   | Reached ** piety under Ashenzari
  7427 | Lair:1   | Noticed a six-headed hydra
  7427 | Lair:1   | Noticed a five-headed hydra
  7437 | Lair:1   | HP: 1/96 [nine-headed hydra (9)]
  7502 | D:10     | HP: 4/96 [13-headed hydra (7)]
  7502 | D:10     | Slain by a 13-headed hydra

Illustrated notes

Levels and vault maps discovered:
D:1:      dpeg_arrival_rhombi, layout_rooms, hellmonk_ecumenical_altar_blasted,
          minmay_misc_feat_five, corexii_leaking_fountain,
          minmay_small_reverse_x
D:2:      layout_basic
D:3:      layout_basic, uniq_terence
D:4:      layout_cave_pods, minmay_temple_entry_hall
D:5:      layout_rooms, minmay_bent
D:6:      layout_loops_corners, mainiacjoe_overflow_six_doors_small,
          grunt_decor_one_mirror, uniq_sigmund
D:7:      layout_loops_ring, grunt_temple_overflow_open
D:8:      layout_basic, serial_corexii_hall, chequers_hall_statues_wall_a,
          chequers_hall_statues_y, nicolae_ossuary_entry_false_entrances,
          kennysheep_generic_room_9
D:9:      layout_rooms, bloody_trog, amcnicky_altar_gilded
D:10:     layout_irregular_city, nicolae_wu_jian_wuxing_cycle,
          overflow_temple_1_default, erik_lair_dragon
Temple:   eino_narrow_crystal_temple
Lair:1:   layout_regular_city

Skill      XL: |  1  2  3  4  5  6  7  8  9 10 11 |
---------------+----------------------------------+-----
Fighting       | 4 5 6 7 8 10 11 | 11.5
Shields        | 4 5 6 7 8 9 |  9.2
Axes           | 3 4 5 6 7 9 10 | 10.3
Dodging        | 1 |  1.3
Armour         | 4 5 6 7 8 |  8.4

Action                   |  1- 3 |  4- 6 |  7- 9 | 10-12 || total
-------------------------+-------+-------+-------+-------++-------
Melee: War axe           |    79 |   134 |   281 |   113 ||   607
       Battleaxe         |       |       |       |   169 ||   169
Invok: Curse Item        |       |       |       |     3 ||     3
 Abil: Dig               |       |       |       |     3 ||     3
Evoke: Wand              |       |       |       |     7 ||     7
  Use: Scroll            |     3 |     2 |     7 |    16 ||    28
       Potion            |       |       |       |     5 ||     5
 Stab: Invisible         |       |       |       |     7 ||     7
Armor: Scale mail        |    33 |    27 |       |       ||    60
       Plate armour      |       |    51 |   140 |   218 ||   409
Dodge: Dodged            |    31 |    47 |    65 |    91 ||   234
Block: Buckler           |     4 |       |       |       ||     4
       Tower shield      |    62 |   173 |   289 |   381 ||   905

Table legend: (Time is in decaauts)
 A = Elapsed time spent in this place.
 B = Non-inter-level travel time spent in this place.
 C = Inter-level travel time spent in this place.
 D = Time resting spent in this place.
 E = Time spent auto-exploring this place.
 F = Levels seen in this place.
 G = Mean time per level.
                   A        B        C        D        E       F      G
               +--------+--------+--------+--------+--------+-----+--------+
         Total |   7862 |   7511 |    351 |    165 |   5261 |  12 |  655.2 |
       Dungeon |   7542 |   7207 |    335 |    165 |   5066 |  10 |  754.2 |
        Temple |    156 |    142 |     14 |      0 |    135 |   1 |  156.0 |
          Lair |    163 |    163 |      0 |      0 |     60 |   1 |  163.0 |
               +--------+--------+--------+--------+--------+-----+--------+

Top non-repeatable levels by time:
     D:8: 1012 daAuts
     D:6: 998 daAuts
    D:10: 927 daAuts
     D:4: 838 daAuts
     D:3: 733 daAuts
     D:9: 698 daAuts
     D:7: 662 daAuts
     D:1: 655 daAuts
     D:5: 599 daAuts
     D:2: 416 daAuts
  Lair:1: 163 daAuts
  Temple: 156 daAuts
